 Dungeon Crawl Stone Soup version 0.19-b1-5-gdc9fa9d (webtiles) character file.

559 Banto the Slasher (level 7, -5/45 HPs)
             Began as a High Elf Skald on Oct 31, 2016.
             Was an Initiate of the Shining One.
             Killed by divine providence
             ... invoked by an orc priest
              (10 damage)
             ... on level 5 of the Dungeon.
             The game lasted 00:05:28 (4282 turns).

Banto the Slasher (High Elf Skald)                  Turns: 4282, Time: 00:05:28

Health: -5/45      AC: 11    Str: 11    XL:     7   Next: 9%
Magic:  13/20      EV: 15    Int: 15    God:    the Shining One [......]
Gold:   162        SH:  0    Dex: 18    Spells: 1 memorised, 9 levels left

rFire  . . .     SeeInvis .     a - +0 falchion
rCold  . . .     Gourm    .     b - +0 leather armour
rNeg   . . .     Faith    .     (no shield)
rPois  .         Spirit   .     r - +0 helmet
rElec  .         Reflect  .     h - +2 cloak
rCorr  .         Harm     .     q - +0 pair of gloves
MR     .....                    (no boots)
Stlth  +.........               f - amulet of regeneration
                                i - ring of magical power
                                e - +3 ring of protection

@: infused (expiring), glowing
A: no striking features
a: Renounce Religion


You were on level 5 of the Dungeon.
You worshipped the Shining One.
The Shining One was noncommittal.
You were hungry.

You visited 1 branch of the dungeon, and saw 5 of its levels.
You also visited: Sewer.

You collected 162 gold pieces.

Inventory:

Hand Weapons
 a - a +0 falchion (weapon)
Armour
 b - a +0 leather armour (worn)
 h - a +2 cloak (worn)
 q - a +0 pair of gloves (worn)
 r - a +0 helmet (worn)
Jewellery
 e - a +3 ring of protection (left hand)
 f - an amulet of regeneration (around neck)
 i - a ring of magical power (right hand)
 k - an uncursed amulet of harm {unknown}
 C - an uncursed amulet of guardian spirit {unknown}
Wands
 z - a wand of paralysis (11/24)
Scrolls
 t - 2 scrolls of blinking
 w - 2 scrolls of fear
 y - a scroll of remove curse
 D - a scroll of teleportation
 F - a scroll of identify {unknown}
Potions
 g - a potion of flight {unknown}
 j - 2 potions of heal wounds {unknown}
 m - a potion of degeneration {unknown}
 n - a potion of resistance {unknown}
 o - a potion of brilliance {unknown}
 p - 3 potions of curing {unknown}
 x - a potion of lignification {unknown}
 A - a potion of mutation {unknown}
 B - a potion of haste {unknown}
 E - a potion of cancellation {unknown}
Books
 c - a book of Battle

   Spells                             Type                      Level
   a - Infusion                       Charms                       1
   b - Shroud of Golubria             Charms/Translocation         2
   c - Song of Slaying                Charms                       2
   d - Spectral Weapon                Hexes/Charms                 3
   e - Regeneration                   Charms/Necromancy            3
Comestibles
 d - 3 bread rations
 l - 2 meat rations
 s - a beef jerky
 u - 2 slices of pizza
 v - 5 fruits


   Skills:
 - Level 2.0 Fighting
 + Level 6.9 Long Blades
 - Level 0.8 Armour
 + Level 5.7 Dodging
 - Level 2.4 Spellcasting
 - Level 3.6 Charms


You had 9 spell levels left.
You knew the following spells:

 Your Spells              Type           Power        Failure   Level  Hunger
a - Infusion              Chrm           ##..         10%         1    #......


Dungeon Overview and Level Annotations

Branches:
Dungeon (5/15)
 Temple: D:4-7

Altars:
The Shining One

Shops:
D:4 [


Message History

The orc hits you with a mace!
The orc priest calls down the wrath of Beogh upon you.
Beogh smites you!
* * * LOW HITPOINT WARNING * * *
Okay, then.
You hit the orc priest but do no damage.
The orc priest is moderately wounded.
The orc priest hits you with a short sword.
* * * LOW HITPOINT WARNING * * *
The orc hits you but does no damage.
You hit the orc priest but do no damage.
The orc priest is moderately wounded.
The orc priest hits you but does no damage.
The orc closely misses you.
You riposte.
You slash the orc!
You kill the orc!
You barely miss the orc priest.
The orc priest is moderately wounded.
The orc priest invokes the aid of Beogh against you.
Beogh smites you!
You die...

#...# # #...# # #..o#
#.).# #.#########
#.#.......# #.#.# .#
########o#.#### .#
####.......o@....##.###
#....######)#.#.......#
#.#..............##.#.#
#.#.####.##.#.......#
##.#.####.##.##.....##
#.......<....##..##.# #
#.....###.##.##..##.##.#
#....## #..............#
####.#####.....####.####


You could see an orc priest and an orc.

Vanquished Creatures
  A sky beast (D:5)
  2 bullfrogs (Sewer)
  The ghost of heintsi the Gusty, a weakling HEAE (D:3)
  A hound (D:5)
  A bullfrog skeleton (D:4)
  2 worker ants
  4 adders
  An ooze (D:4)
  An adder skeleton (D:5)
  3 worms
  6 dart slugs
  6 leopard geckos
  7 orcs
  5 ball pythons (Sewer)
  8 bats
  18 giant cockroaches
  9 hobgoblins
  7 jackals
  10 kobolds
  14 frilled lizards
  9 goblins
  9 rats
125 creatures vanquished.

Notes
Turn   | Place    | Note
-------+----------+-------------------------------------------
     0 | D:1      | Banto the High Elf Skald began the quest for the Orb.
     0 | D:1      | Reached XP level 1. HP: 14/14 MP: 4/4
    69 | D:1      | Reached XP level 2. HP: 6/19 MP: 0/6
   260 | D:1      | Reached skill level 3 in Long Blades
   891 | D:2      | Reached XP level 3. HP: 24/24 MP: 7/7
  1485 | D:2      | HP: 1/24 [poisoned by an adder]
  1639 | D:2      | Reached skill level 4 in Long Blades
  1924 | D:2      | Reached XP level 4. HP: 26/29 MP: 8/8
  2189 | D:3      | Noticed heintsi's ghost (weakling HEAE)
  2198 | D:3      | Killed heintsi's ghost
  2616 | D:3      | Found a glowing drain.
  2617 | D:3      | Reached XP level 5. HP: 34/34 MP: 9/9
  2644 | Sewer    | Entered a sewer
  2653 | Sewer    | Reached skill level 5 in Long Blades
  2903 | Sewer    | Reached XP level 6. HP: 24/39 MP: 10/10
  2987 | D:3      | Found a glowing golden altar of the Shining One.
  2997 | D:3      | Became a worshipper of the Shining One
  3400 | D:4      | Reached skill level 6 in Long Blades
  3499 | D:4      | Found Syfikiec's Antique Armour Boutique.
  3627 | D:4      | Reached skill level 5 in Dodging
  4075 | D:5      | Entered Level 5 of the Dungeon
  4115 | D:5      | Noticed a sky beast
  4117 | D:5      | Noticed an orc warrior
  4129 | D:5      | Killed a sky beast
  4143 | D:5      | Reached XP level 7. HP: 25/45 MP: 11/11
  4282 | D:5      | Killed from afar by an orc priest

Skill      XL: |  1  2  3  4  5  6 |
---------------+-------------------+-----
Long Blades    | 3 4 5 6 |  6.9
Dodging        | 2 3 4 5 |  5.7
Fighting       | |  2.0
Armour         | |  0.8
Spellcasting   | |  2.4
Charms         | |  3.6

Action                   |  1- 3 |  4- 6 |  7- 9 || total
-------------------------+-------+-------+-------++-------
Melee: Falchion          |   131 |   268 |    15 ||   414
 Cast: Infusion          |     5 |     8 |     1 ||    14
  Use: Scroll            |     4 |     2 |       ||     6
 Stab: Sleeping          |       |     2 |       ||     2
  Eat: Chunk             |     3 |     8 |       ||    11
Armor: Leather armour    |    44 |    91 |     6 ||   141
Dodge: Dodged            |   105 |   221 |    13 ||   339
       Rpst.: Falchion   |    30 |    57 |     4 ||    91
